 Dungeon Crawl Stone Soup version 0.27.1-4-g1640c2035a (webtiles) character file.

Game seed: 8684821649259390403

22 BOMJPIETVODKU the Ducker (level 2, 29/29 HPs)
             Began as a Troll Fighter on Nov 5, 2021.
             Quit the game on level 1 of the Dungeon.
             The game lasted 00:02:06 (643 turns).

BOMJPIETVODKU the Ducker (Troll Fighter)             Turns: 643, Time: 00:02:06

Health: 29/29      AC:  4    Str: 23    XL:     2   Next: 68%
Magic:  1/1        EV:  8    Int:  4    God:
Gold:   43         SH:  8    Dex:  9    Spells: 1/1 levels left

rFire    . . .     SeeInvis .     - Unarmed
rCold    . . .     Faith    .   b - +0 kite shield
rNeg     . . .     Spirit   .   a - +0 robe
rPois    .         Reflect  .   (helmet restricted)
rElec    .         Harm     .   (no cloak)
rCorr    .         Rampage  .   (gloves unavailable)
Will     .....                  (boots unavailable)
Stlth    +.........             (no amulet)
HPRegen  1.09/turn              (no ring)
MPRegen  0.07/turn              (no ring)

@: no status effects
A: large, unfitting armour, claws 3, regeneration 1, shaggy fur 1, tough skin 1
a: no special abilities


You were on level 1 of the Dungeon.
You visited 1 branch of the dungeon, and saw 1 of its levels.

You collected 43 gold pieces.

Inventory:

Missiles
 g - 9 poisoned darts (quivered)
Armour
 a - a +0 robe (worn)
 b - a +0 kite shield (worn)
Scrolls
 d - 2 scrolls of fear {unknown}
 e - a scroll of enchant weapon {unknown}
 f - a scroll of teleportation {unknown}
 h - 3 scrolls of identify {unknown}
Potions
 c - 2 potions of might


   Skills:
 + Level 2.6 Fighting
 + Level 2.7 Dodging
 + Level 2.6 Shields
 * Level 2.3 Unarmed Combat


You had one spell level left.
You didn't know any spells.
Your spell library was empty.

Dungeon Overview and Level Annotations

Branches:
Dungeon (1/15)

Altars:


Innate Abilities, Weirdness & Mutations

You are too large for most types of armour.
You have claws for hands.
Your natural rate of healing is unusually fast.
You are covered in fur. (AC +1)
You have tough skin. (AC +1)


Message History

You kill the rat!
Found a stone staircase leading down.
You see here a rat corpse.
You scratch the quokka.
The quokka is moderately wounded.
You block the quokka's attack. The frilled lizard closely misses you.
You scratch the quokka.
The quokka is almost dead.
The quokka closely misses you. You block the frilled lizard's attack.
The quokka barely misses you.
You claw the quokka!
You kill the quokka!
The frilled lizard bites you but does no damage.
You claw the frilled lizard!
You kill the frilled lizard!
No target in view!
No target in view!
No target in view!
No target in view!
No target in view!
No target in view!
No target in view!
No target in view!
No target in view!
No target in view!
No target in view!
No target in view!
No target in view!
You see here a quokka corpse.
There is a stone staircase leading down here.
A frilled lizard comes into view.
The frilled lizard hisses angrily.
A frilled lizard is nearby!
You block the frilled lizard's attack.
You closely miss the frilled lizard. The frilled lizard closely misses you.
You scratch the frilled lizard.
You kill the frilled lizard!
Done exploring.
Done exploring.
Are you sure you want to abandon this character and quit the game? (Confirm with "yes".)

....#
#.....############...#####
##### #.....# ##..#####
#.#.### #....... #.#.##
#.###### #.#..# #.......
#.##.######## #....... ###
#.#........># ######## ..#
#.........#.# #.#
#########@#.# #.# #.#.#
#.# #.#.# #.# #.#.# #.#
#.#.# #.##
#.#.############ ...#
#.#............# ##.#
##########.#..#########.#
##.#
#........###'###........#


There were no monsters in sight!

Vanquished Creatures
  2 dart slugs (D:1)
  3 endoplasms (D:1)
  2 giant cockroaches (D:1)
  A hobgoblin (D:1)
  2 quokkas (D:1)
  A bat (D:1)
  3 frilled lizards (D:1)
  2 goblins (D:1)
  A rat (D:1)
17 creatures vanquished.

Notes
Turn   | Place    | Note
-------+----------+-------------------------------------------
     0 | D:1      | BOMJPIETVODKU the Troll Fighter began the quest for the
                  | Orb.
     0 | D:1      | Reached XP level 1. HP: 22/22 MP: 0/0
   210 | D:1      | Reached XP level 2. HP: 27/29 MP: 1/1
   643 | D:1      | Quit the game

Illustrated notes

Levels and vault maps discovered:
D:1:      heliophobic_arrival_ceremonial_halls, layout_loops_ring

Action                   || total
-------------------------++-------
Melee: Unarmed           ||    43
Armor: Robe              ||     6
Dodge: Dodged            ||    17
Block: Kite shield       ||     9
